massix, lawful female dwarven Valkyrie -------- |....... |......|# ------#######.......-####### ------------ |.....#######|......|# # |.)%+?%%?)!| |....|# |......| ### |.!/!%**!%?| |....- ------%- # |.%%.?%*.?(| |....| ### ##-I(!!%%.[!(| #.....| ## # ------------ ###------ ###### -------- # # # |......-####### ### ### |......| # # # # |......-### ### #### ### |....<.| # #-------.------- # ### -------- ###|.............| ###----------.- #-.............| #.......#...| |.............| |..........| --------------- ------------ massix the Skirmisher Experience level: 3 Strength: 16 Dexterity: 14 Constitution: 18 Intelligence: 9 Wisdom: 9 Charisma: 10 Health: 0(42) Energy: 4(4) Def: 8 Gold: 0 Moves: 1471 Dungeon seed: 2KbCSCcRxhODbo5e Game ID: massix_1555677799 Your Inventory: Weapons a - a +1 long sword (weapon in hand) b - a +0 dagger (in quiver) Armor e - an uncursed +3 small shield n - an uncursed +0 ring mail (being worn) q - an uncursed +0 dwarvish iron helm (being worn) r - an uncursed +0 orcish cloak (being worn) y - an uncursed +1 large shield (being worn) z - an uncursed +0 banded mail Comestibles d - an uncursed tin of jackal meat g - an uncursed tripe ration p - an uncursed food ration Rings j - a cursed ring of aggravate monster (on left hand) Tools m - a magic marker (0:52) Spells and supernatural/magical abilities: Name Level Category Fail Memory k - knock 1 matter 100% 100% W - pray for help -- divine ? -- Your skills at the end: Fighting Skills Weapon Skills dagger [Basic] long sword [Basic] Spellcasting Skills Final Attributes: You were devoutly aligned. You were cold resistant. You were blinded. You had infravision. You were going to confuse monsters. You were stealthy. You aggravated monsters. You were lucky. You are dead. Vanquished creatures: a cave spider 2 geckos 4 jackals a goblin 5 sewer rats 3 grid bugs 4 lichens 3 newts 23 creatures vanquished. Voluntary challenges: You were an atheist. You used a wielded weapon 22 times, starting on turn 414. You read items or engraved 10 times, starting on turn 89. You never genocided any monsters. You never polymorphed an object. You never changed form. You used no wishes. You never split a pudding. You wrote Elbereth's name 2 times, starting on turn 978. You violated your moral code, losing 1 point of alignment, starting on turn 1469. Dungeon overview: The Dungeons of Doom: levels 1 to 4 Level 1 a fountain a long staircase Level 2 an armor shop, a fountain Level 3 a fountain Level 4 <- You were here a general store, a sink History has recorded: On T:1 you entered the Dungeons of Doom to retrieve the Amulet of Yendor! On T:478 you reached level 2 of The Dungeons of Doom. On T:964 you advanced to experience level 2. On T:1058 you reached level 3 of The Dungeons of Doom. On T:1160 you reached level 4 of The Dungeons of Doom. On T:1428 you advanced to experience level 3. Score breakdown: Gold: 0 ( 0 points) Experience: 3 levels ( 7878 points) Exploration: 4 levels ( 8.51%) ( 7661 points) Discoveries: 10 items ( 4.07%) ( 6048 points) Valuables value: (no points given unless you survive) Artifact value: 0 ( 0 points) Variety of kills: 8 monsters ( 2.10%) ( 4347 points) Turncount: 1471 turns ( 0 points) Survival: died (score multiplied by 80%) Total score: 20747 Latest messages: You see here a morning star (13 zorkmids). You see here a food ration (60 zorkmids). Aklavik says that your bill comes to 266 zorkmids. You miss Aklavik. Aklavik gets angry! Aklavik zaps a uranium wand! The bolt of lightning hits you! You are blinded by the flash! The bolt of lightning bounces! You hear a nearby zap. The bolt of lightning whizzes by you! The bolt of lightning hits you! Valkyrie, your life force is running out. The bolt of lightning hits it. Wait! There's something there you can't see! You hear a chugging sound. You miss it. You hear a nearby zap. The bolt of lightning hits you! You die... Aklavik takes all your possessions. Final status: Farvel massix the Valkyrie, killed by a bolt of lightning... You died in The Dungeons of Doom on dungeon level 4 with 20747 points, and 0 pieces of gold, after 1471 moves. You were level 3 with a maximum of 42 hit points when you died.